 Dungeon Crawl Stone Soup version 0.19.1 (webtiles) character file.

88 KingBobo974 the Poker (level 4, -2/52 HPs)
             Began as a Merfolk Berserker on Dec 13, 2016.
             Was a Believer of Trog.
             Slain by Natasha (9 damage)
             ... on level 3 of the Dungeon.
             The game lasted 00:04:43 (1961 turns).

KingBobo974 the Poker (Merfolk Berserker)           Turns: 1961, Time: 00:04:44

Health: -2/52      AC:  2    Str: 23    XL:     4   Next: 54%
Magic:  13/13      EV: 14    Int:  6    God:    Trog [**....]
Gold:   221        SH:  0    Dex: 13    Spells: 0 memorised, 3 levels left

rFire  . . .     SeeInvis .     a - +1 spear
rCold  . . .     Gourm    .     b - +0 animal skin
rNeg   . . .     Faith    .     (no shield)
rPois  .         Spirit   .     (no helmet)
rElec  .         Reflect  .     (no cloak)
rCorr  .         Harm     .     (no gloves)
MR     +....                    (no boots)
Stlth  ..........               s - amulet of rage
                                n - ring of magical power
                                j - ring of protection from magic

@: berserking, very quick
A: change form in water, swift swim, stealthy swim
a: Berserk, Trog's Hand, Burn Spellbooks, Renounce Religion, Evoke Berserk Rage


You were on level 3 of the Dungeon.
You worshipped Trog.
Trog was pleased with you.
You were not hungry.

You visited 1 branch of the dungeon, and saw 3 of its levels.

You collected 221 gold pieces.

Inventory:

Hand Weapons
 a - a +1 spear (weapon)
Armour
 b - a +0 animal skin (worn)
 i - a +0 scale mail
Jewellery
 j - a ring of protection from magic (left hand)
 n - a ring of magical power (right hand)
 s - an amulet of rage (around neck)
Wands
 d - a wand of polymorph (9/24)
 o - a wand of lightning (15/15)
Scrolls
 m - a scroll of fear {unknown}
 p - a scroll of enchant armour {unknown}
 r - a scroll of remove curse
Potions
 e - a potion of haste {unknown}
 g - a potion of ambrosia {unknown}
 k - a potion of heal wounds {unknown}
 q - a potion of berserk rage {unknown}
 t - a potion of brilliance {unknown}
 u - a potion of curing {unknown}
Books
 v - a book of Minor Magic

   Spells                             Type                      Level
   a - Magic Dart                     Conjuration                  1
   b - Blink                          Translocation                2
   c - Call Imp                       Summoning                    2
   d - Repel Missiles                 Charms/Air                   2
   e - Slow                           Hexes                        2
   f - Conjure Flame                  Conjuration/Fire             3
   g - Mephitic Cloud                 Conjuration/Poison/Air       3
   Trog disapproves of the use of such an item.
Comestibles
 c - a bread ration
 f - 3 meat rations
 h - 4 fruits
 l - a beef jerky


   Skills:
 - Level 3.2 Fighting
 * Level 6.1 Polearms
 - Level 1.3 Armour
 * Level 4.7 Dodging


You had 3 spell levels left.
You didn't know any spells.

Dungeon Overview and Level Annotations

Branches:
Dungeon (3/15)

Altars:

Annotations:
D:3 Natasha


Message History

Your Polearms skill increases to level 6!
The orc misses you. The hobgoblin closely misses you.
The giant cockroach misses you.
You puncture the hobgoblin!
You kill the hobgoblin!
Trog accepts your kill. The bat barely misses you.
You barely miss Natasha. The bat misses you.
The giant cockroach bites you but does no damage.
The orc hits you with a flail.
* * * LOW HITPOINT WARNING * * *
You puncture Natasha!
Natasha is severely wounded.
Natasha wildly gestures.
Natasha's front paws start to glow.
Natasha barely misses you. The giant cockroach misses you.
You closely miss Natasha.
Natasha is severely wounded.
The bat misses you. Natasha claws you!
You die...

#.....#....#
#...........
#....#......
#....#..s...
#.........
#.......###
.###..5h†b...#
%.....s@#..#
####....o..#
#.....#......
#####.# #.>.. #.#
....
####.##...#........
####
##....##............
...#
#..#####...#.......
...##
#.##......##.....##
.


You could see Natasha, a shadow imp, an orc, 2 giant cockroaches and a bat.

Vanquished Creatures
  Terence (D:3)
  An adder (D:2)
  An ooze (D:1)
  A worm (D:3)
  2 dart slugs (D:2)
  2 leopard geckos (D:2)
  An orc (D:3)
  3 bats
  2 giant cockroaches
  4 goblins
  3 hobgoblins
  3 jackals (D:3)
  5 kobolds
  A quokka (D:2)
  4 frilled lizards
  A quokka zombie (D:3)
  4 rats
39 creatures vanquished.

Notes
Turn   | Place    | Note
-------+----------+-------------------------------------------
     0 | D:1      | KingBobo974 the Merfolk Berserker began the quest for the Orb.
     0 | D:1      | Reached XP level 1. HP: 18/18 MP: 1/1
   158 | D:1      | Reached XP level 2. HP: 24/24 MP: 2/2
   281 | D:1      | Reached skill level 5 in Polearms
   800 | D:2      | Reached XP level 3. HP: 29/29 MP: 3/3
  1772 | D:3      | Reached ** piety under Trog
  1829 | D:3      | Reached XP level 4. HP: 24/35 MP: 4/4
  1948 | D:3      | Noticed Terence
  1951 | D:3      | Noticed Natasha
  1957 | D:3      | Killed Terence
  1957 | D:3      | Reached skill level 6 in Polearms
  1961 | D:3      | Slain by Natasha

Skill      XL: |  1  2  3  4 |
---------------+-------------+-----
Dodging        | 3 4 |  4.7
Polearms       | 5 6 |  6.1
Fighting       | |  3.2
Armour         | |  1.3

Action                   |  1- 3 |  4- 6 || total
-------------------------+-------+-------++-------
Melee: Spear             |   106 |    20 ||   126
Invok: Trog's Hand       |     1 |       ||     1
       Berserk           |       |     1 ||     1
  Use: Scroll            |     6 |       ||     6
 Stab: Sleeping          |     3 |       ||     3
  Eat: Meat ration       |     1 |       ||     1
       Fruit             |     1 |       ||     1
Armor: Animal skin       |     7 |     2 ||     9
Dodge: Dodged            |    40 |    19 ||    59
